 Dungeon Crawl Stone Soup version 0.21-a0-531-gacddea6 (webtiles) character file.

64 kibaces the Cudgeler (level 3, -2/30 HPs)
             Began as a Centaur Gladiator on Dec 13, 2017.
             Slain by an orc warrior
             ... wielding a +0 flail
              (17 damage)
             ... on level 3 of the Dungeon.
             The game lasted 00:08:23 (2482 turns).

kibaces the Cudgeler (Centaur Gladiator)            Turns: 2482, Time: 00:08:23

Health: -2/30      AC:  9    Str: 17    XL:     3   Next: 91%
Magic:  3/3        EV:  8    Int:  7    God:
Gold:   72         SH:  0    Dex: 10    Spells: 2/2 levels left

rFire    + . .     SeeInvis .   a - +0 flail
rCold    + . .     Gourm    .   (no shield)
rNeg     + . .     Faith    .   i - +0 leather armour (curse)
rPois    .         Spirit   .   c - +0 helmet
rElec    .         Reflect  .   l - scarf {rC+ rF+}
rCorr    .         Harm     .   (no gloves)
MR       .....                  p - +0 centaur barding
Stlth    ..........             (no amulet)
HPRegen  0.10/turn              m - ring of positive energy
MPRegen  0.08/turn              (no ring)

@: very quick
A: large, hooves 3, deformed body, speed 2, tough skin 3
a: no special abilities


You were on level 3 of the Dungeon.
You were very hungry.

You visited 1 branch of the dungeon, and saw 3 of its levels.

You collected 72 gold pieces.

Inventory:

Hand Weapons
 a - a +0 flail (weapon)
Armour
 b - a +0 leather armour
 c - a +0 helmet (worn)
 i - a cursed +0 leather armour (worn)
 l - a scarf of resistance (worn)
 p - a +0 centaur barding (worn)
Jewellery
 m - a ring of positive energy (left hand)
Scrolls
 d - a scroll of immolation {unknown}
 e - 2 scrolls of enchant armour {unknown}
 k - 2 scrolls of remove curse {unknown}
 n - 3 scrolls of identify {unknown}
Potions
 g - 2 potions of flight {unknown}
Comestibles
 f - 3 bread rations
 h - a meat ration
 j - a fruit


   Skills:
 + Level 2.5 Fighting
 + Level 3.3 Maces & Flails
 - Level 2.2 Throwing
 + Level 0.9 Armour
 + Level 2.6 Dodging


You had 2 spell levels left.
You didn't know any spells.

Dungeon Overview and Level Annotations

Branches:
Dungeon (3/15)

Altars:


Innate Abilities, Weirdness & Mutations

You have hooves in place of feet.
Armour fits poorly on your strangely shaped body.
You cover ground very quickly.
You have extremely tough skin. (AC +3)


Message History

The orc hits you but does no damage. x2
You hit the orc but do no damage.
The orc is heavily wounded.
The orc hits you but does no damage. x2
You hit the orc.
You kill the orc!
The orc closely misses you. The orc hits you.
You barely miss the orc.
The phantom blinks!
The orc hits you.
You hit the orc. You kick the orc.
You kill the orc!
There is a stone staircase leading down here.
You can't go up here!
You climb downwards.
The bat hits you but does no damage. The orc warrior hits you with a flail.
The orc hits you with a flail. The orc barely misses you.
There is a stone staircase leading up here.
You closely miss the orc. The bat hits you but does no damage.
The orc hits you with a dagger. The orc warrior hits you with a flail!
Ouch! That really hurt!
You die...

..#%.(....#
$o........#
..........#
..........#
#....<...#
#........#
#..(oooo.#
#.@.# ###b#
...# ##..#
...# ...#
.... .#..#


You could see an orc warrior, an orc priest, 3 orcs and a bat.

Vanquished Creatures
  2 dart slugs
  2 worms (D:2)
  A leopard gecko (D:1)
  3 orcs (D:2)
  A giant cockroach (D:2)
  6 goblins (D:1)
  8 hobgoblins
  3 jackals (D:1)
  7 kobolds
  4 bats (D:1)
  4 frilled lizards
  A giant cockroach zombie (D:1)
  A quokka zombie (D:1)
  4 rats (D:1)
47 creatures vanquished.

Notes
Turn   | Place    | Note
-------+----------+-------------------------------------------
     0 | D:1      | kibaces the Centaur Gladiator began the quest for the Orb.
     0 | D:1      | Reached XP level 1. HP: 17/17 MP: 1/1
    93 | D:2      | Reached XP level 2. HP: 11/24 MP: 2/2
   666 | D:2      | Noticed a phantom
   708 | D:1      | Reached skill level 3 in Maces & Flails
  1179 | D:1      | Reached XP level 3. HP: 30/30 MP: 3/3
  2464 | D:3      | Noticed an orc warrior
  2482 | D:3      | Slain by an orc warrior

Vault maps used:
D:1:      saegor_arrival_fortress
D:2:      marbit_many_paths, first_bread, hex_large

Skill      XL: |  1  2 |
---------------+-------+-----
Maces & Flails | 3 |  3.3
Fighting       | |  2.5
Throwing       | |  2.2
Armour         | |  0.9
Dodging        | |  2.6

Action                   || total
-------------------------++-------
Melee: Flail             ||   159
       Kick              ||    32
  Eat: Chunk             ||     3
Armor: Leather armour    ||    88
Dodge: Dodged            ||   111

Table legend:
 A = Spawn XP
 B = Non-spawn XP
 C = Spawn XP percentage of total XP
 D = Spawn monster count
 E = Non-spawn monster count
 F = Spawn count percentage of total count
 G = Total turns spent on level
                    A         B        C        D         E        F      G
               +---------+---------+-------+---------+---------+-------+---------
         Total |       0 |      92 |   0.0 |       0 |      47 |   0.0 |  2482
               +---------+---------+-------+---------+---------+-------+---------
           D:1 |       0 |      55 |   0.0 |       0 |      33 |   0.0 |  1549
           D:2 |       0 |      37 |   0.0 |       0 |      14 |   0.0 |   925
               +---------+---------+-------+---------+---------+-------+---------
